 Dungeon Crawl Stone Soup version 0.29.1-12-g30fa7ad0bf (webtiles) character file.

Game seed: 16260088218262709142

23 DildoBatman the Conjurer (level 3, 0/26 HPs)
             Began as a Formicid Conjurer on Dec 27, 2022.
             Slain by a hobgoblin (3 damage)
             ... on level 1 of the Dungeon.
             The game lasted 00:01:26 (525 turns).

DildoBatman the Conjurer (Formicid Conjurer)         Turns: 525, Time: 00:01:26

Health: 0/26       AC:  2    Str: 11    XL:     3   Next: 10%
Magic:  2/6        EV: 12    Int: 19    God:
Gold:   35         SH:  0    Dex: 12    Spells: 4/7 levels left

rFire   . . .      SeeInvis +   h - +0 rapier
rCold   . . .      Faith    .   (no shield)
rNeg    . . .      Spirit   .   a - +0 robe
rPois   .          Reflect  .   (helmet unavailable)
rElec   .          Harm     .   (no cloak)
rCorr   .          Rampage  .   (no gloves)
Will    .....                   (no boots)
Stlth   ++........              (no amulet)
HPRegen 0.08/turn               (no ring)
MPRegen 0.10/turn               (no ring)

@: no status effects
A: permanent stasis, dig shafts and tunnels, antennae 3, four strong arms
a: Dig, Shaft Self


You were on level 1 of the Dungeon.
You visited 1 branch of the dungeon, and saw 1 of its levels.

You collected 35 gold pieces.

Inventory:

Hand Weapons
 c - a +0 short sword
 h - a +0 rapier (weapon)
Missiles
 e - 2 curare-tipped darts
Armour
 a - a +0 robe (worn)
Scrolls
 d - a scroll of torment {unknown}
Potions
 b - a potion of magic
 f - a potion of haste {unknown}
 g - a potion of curing {unknown}


   Skills:
 * Level 1.0 Fighting
 * Level 1.1 Armour
 - Level 2.0 Dodging
 - Level 2.4 Stealth
 * Level 2.5 Spellcasting
 * Level 3.8 Conjurations


You had 4 spell levels left.
You knew the following spells:

 Your Spells              Type           Power      Damage    Failure   Level
a - Searing Ray           Conj           32%        2d5       4%          2
c - Magic Dart            Conj           64%        1d6       3%          1

Your spell library contained the following spells:

 Spells                   Type           Power      Damage    Failure   Level
 Dazzling Flash           Conj/Hex       18%        N/A       22%         3
 Fulminant Prism          Conj/Hex       4%         3d6       58%         4
 Iskenderun's Mystic Bla  Conj/Tloc      9%         2d4       58%         4


Dungeon Overview and Level Annotations

Branches:
Dungeon (1/15)

Altars:


Innate Abilities, Weirdness & Mutations

You cannot be hasted, slowed, berserked, paralysed or teleported.
You can dig through walls and to a lower floor.
You have a pair of large antennae on your head. (SInv)
Your four strong arms can wield two-handed weapons with a shield.


Message History

The hobgoblin barely misses you.
You closely miss the jackal.
The jackal is lightly wounded.
The jackal misses you. The hobgoblin barely misses you.
The jackal closely misses you.
You barely miss the jackal.
The jackal is lightly wounded.
The jackal bites you. The hobgoblin barely misses you.
You barely miss the jackal.
The jackal is lightly wounded.
The jackal bites you but does no damage.
The hobgoblin closely misses you. The jackal bites you.
You hit the jackal.
The jackal is severely wounded.
The jackal bites you. The hobgoblin misses you. The jackal barely misses you.
The hobgoblin closely misses you.
You hit the jackal but do no damage.
The jackal is severely wounded.
The jackal bites you. The hobgoblin barely misses you.
You closely miss the jackal.
The jackal is severely wounded.
The jackal misses you. The jackal barely misses you. The hobgoblin misses you.
You barely miss the jackal.
The jackal is severely wounded.
The jackal bites you. The hobgoblin barely misses you. The jackal bites you.
You closely miss the jackal.
The jackal is severely wounded.
The jackal barely misses you. The hobgoblin hits you.
You die...

♣...P.....♣..#
..P...P.♣♣....###### .#
..........♣........# #..
.P.....P...........####.#
....<....P.♣............#
.P.....P..P...........#..
.................._...##.
..P...P...P.....?........
....P...........@........
.....♣.♣......!.hg.#.....
..P..♣.......#..#.##.....
..P...P..................
............?..!.........
.######.####.####....?..>
.........# #.# #...!....
..######## #.............
......#### ..#...........


You could see a jackal and a hobgoblin.

Vanquished Creatures
  A ball python (D:1)
  3 endoplasms (D:1)
  A giant cockroach (D:1)
  3 goblins (D:1)
  A hobgoblin (D:1)
  A jackal (D:1)
  A quokka (D:1)
  3 bats (D:1)
  3 kobolds (D:1)
  4 rats (D:1)
21 creatures vanquished.

Notes
Turn   | Place    | Note
-------+----------+-------------------------------------------
     0 | D:1      | DildoBatman the Formicid Conjurer began the quest for the
                  | Orb.
     0 | D:1      | Reached XP level 1. HP: 13/13 MP: 3/3
   192 | D:1      | Reached XP level 2. HP: 20/20 MP: 0/5
   195 | D:1      | Learned a level 2 spell: Searing Ray
   490 | D:1      | Found a faded altar of an unknown god.
   494 | D:1      | Reached skill level 1 in Armour
   505 | D:1      | Reached skill level 1 in Fighting
   505 | D:1      | Reached XP level 3. HP: 19/26 MP: 0/6
   525 | D:1      | Slain by a hobgoblin

Illustrated notes

Levels and vault maps discovered:
D:1:      wander_arrival_fairy_ring, layout_rooms,
          ebering_ecumenical_altar_sacrificial, hangedman_decor_riveting,
          nicolae_concentric_dashed_squares_mild, skrybe_limestone_x

Skill      XL: |  1  2 |
---------------+-------+-----
Dodging        | 2 |  2.0
Armour         | 1 |  1.1
Fighting       | 1 |  1.0
Stealth        | |  2.4
Spellcasting   | |  2.5
Conjurations   | |  3.8

Action                   || total
-------------------------++-------
Melee: Short sword       ||     2
       Rapier            ||    18
 Cast: Magic Dart        ||    29
       Searing Ray       ||     2
Armor: Robe              ||     4
Dodge: Dodged            ||    31
